 Dungeon Crawl Stone Soup version 0.29.0-11-gd7f09526c8 (webtiles) character file.

Game seed: 11840917659233149579

1721 Shayle the Ducker (level 9, -2/56 HPs)
             Began as a Tengu Brigand on Sept 5, 2022.
             Succumbed to a wight's poison
             ... on level 7 of the Dungeon.
             The game lasted 00:14:29 (6799 turns).

Shayle the Ducker (Tengu Brigand)                   Turns: 6799, Time: 00:14:29

Health: -2/56      AC:  4    Str: 12    XL:     9   Next: 4%
Magic:  6/18       EV: 18    Int: 15    God:
Gold:   250        SH:  0    Dex: 16    Spells: 19/19 levels left

rFire   . . .      SeeInvis .   B - +1 mace (holy)
rCold   . . .      Faith    .   (no shield)
rNeg    . . .      Spirit   +   f - +0 leather armour
rPois   .          Reflect  .   (helmet restricted)
rElec   .          Harm     .   c - +0 cloak
rCorr   .          Rampage  .   (no gloves)
Will    .....                   (boots unavailable)
Stlth   ++........              v - amulet of guardian spirit
HPRegen 0.18/turn               (no ring)
MPRegen 0.16/turn               (no ring)

@: lethally poisoned (-2 -> -24), flying quickly and evasively, quick
A: beak, talons 3, nimble flight
a: no special abilities


You were on level 7 of the Dungeon.
You visited 1 branch of the dungeon, and saw 7 of its levels.

You collected 250 gold pieces.

Inventory:

Hand Weapons
 a - a +2 dagger
 p - the +8 falchion of Descent {freeze, rN++ Int+4}
   (You found it on level 3 of the Dungeon)

   It freezes those it strikes, dealing additional cold damage.
   It can also slow down cold-blooded creatures.
   Int:       It affects your intelligence (+4).
   rN:        It greatly protects you from negative energy.
 A - a +5 flail
 B - a +1 mace of holy wrath (weapon)
Missiles
 d - 16 poisoned darts (quivered)
 e - a curare-tipped dart
 g - 2 throwing nets
Armour
 b - a +0 robe
 c - a +0 cloak (worn)
 f - a +0 leather armour (worn)
Jewellery
 v - an amulet of guardian spirit (around neck)
Wands
 q - a wand of flame (12)
 y - a wand of mindburst (19)
Scrolls
 h - a scroll of torment {unknown}
 i - a scroll of identify
 j - 2 scrolls of amnesia {unknown}
 l - a scroll of blinking {unknown}
 n - a scroll of fear {unknown}
 o - a scroll of vulnerability {unknown}
 r - 2 scrolls of noise {unknown}
 s - 2 scrolls of teleportation {unknown}
 t - a scroll of acquirement {unknown}
 u - a scroll of enchant weapon {unknown}
Potions
 m - 2 potions of haste
 w - 2 potions of might


   Skills:
 + Level 6.7 Fighting
 - Level 2.1 Short Blades
 - Level 2.0 Throwing
 + Level 7.1 Dodging
 - Level 4.0 Stealth
 + Level 5.7 Spellcasting


You had 19 spell levels left.
You didn't know any spells.
Your spell library was empty.

Dungeon Overview and Level Annotations

Branches:
Dungeon (7/15)             Temple (0/1) D:7

Altars:
Fedhas

Annotations:
D:6 Dowan, Duvessa, Grinder


Innate Abilities, Weirdness & Mutations

You have a beak for a mouth.
You have claws for feet.
Your magical nature lets you fly swiftly and evasively.


Message History

You closely miss the wight. Your kick misses the wight.
The wight is lightly damaged.
The wight completely misses you. The wight closely misses you.
Unknown command.
You hit the wight.
The wight convulses.
You claw the wight, but do no damage. You peck the wight, but do no damage.
The wight is severely damaged.
The wight completely misses you.
Unknown command.
You hit the wight but do no damage. Your kick misses the wight.
The wight is severely damaged.
The wight misses you.
Unknown command.
You hit the wight.
The wight convulses.
You destroy the wight!
Your life force feels restored.
You now have 250 gold pieces (gained 15).
Items here: ))))) [[[[[ ÷ ††.
There is a stone staircase leading up, spattered with blood here.
You start resting.
You feel a little less clever now.
You start resting.
A wight comes into view.
It is wielding a +2 short sword of venom.
You strike the helpless wight from behind!
You hit the wight.
The wight convulses.
Your kick misses the wight. You peck the wight.
The wight is severely damaged.
The wight hits you with a +2 short sword of venom!
* * * LOW HITPOINT WARNING * * *
You are poisoned.
You closely miss the wight. You peck the wight.
The wight is severely damaged.
You feel very sick.
The wight hits you with a +2 short sword of venom!
* * * LOW HITPOINT WARNING * * *
You are more poisoned.
Unknown command.
You hit the wight but do no damage. Your peck misses the wight.
The wight is severely damaged.
You die...

##...# # #....#..
###....#.#
..#.......
####.#..<.###
######..#.#.#.....
#.).....#.#.#.#.#.
#z##......#.....z.
#@##........z.#...
####..!...#......$
#......#...#...
######.#.......
#.#...#...
..........
#.##..#(#.
#.#....... # .#..
#


You could see a wight.

Vanquished Creatures
  An orc warrior (D:7)
  An ice beast (D:6)
  A centaur (D:5)
  3 ogres (D:5)
  2 phantoms
  A necrophage (D:5)
  A scorpion (D:5)
  3 wights (D:7)
  3 howler monkeys (D:7)
  A gnoll bouda (D:5)
  3 orc priests
  3 iguanas
  Natasha (thrice) (D:2)
  5 orc wizards
  5 gnolls (D:5)
  9 adders
  A white imp (D:5)
  An ufetubus (D:3)
  2 worms (D:2)
  3 dart slugs
  22 orcs
  5 ball pythons
  8 endoplasms
  5 giant cockroaches
  7 goblins
  4 hobgoblins
  6 jackals (D:4)
  5 quokkas
  4 bats
  9 kobolds
  7 rats
134 creatures vanquished.

Vanquished Creatures (others)
  A plant (D:3)
1 creature vanquished.

Grand Total: 135 creatures vanquished

Notes
Turn   | Place    | Note
-------+----------+-------------------------------------------
     0 | D:1      | Shayle the Tengu Brigand began the quest for the Orb.
     0 | D:1      | Reached XP level 1. HP: 12/12 MP: 2/2
   238 | D:1      | Reached XP level 2. HP: 17/17 MP: 3/3
   810 | D:1      | Reached skill level 1 in Spellcasting
   896 | D:1      | Reached skill level 2 in Dodging
  1075 | D:1      | Reached XP level 3. HP: 21/22 MP: 5/5
  1308 | D:2      | Reached XP level 4. HP: 27/27 MP: 5/7
  1568 | D:2      | Noticed Natasha
  1578 | D:2      | Killed Natasha
  1920 | D:2      | Reached skill level 3 in Dodging
  1920 | D:2      | Gained mutation: Your magical nature lets you fly swiftly
                  | and evasively. [Tengu growth]
  1920 | D:2      | Reached XP level 5. HP: 30/32 MP: 9/9
  2322 | D:2      | Noticed Natasha
  2327 | D:2      | Killed Natasha
  3124 | D:3      | Identified the +8 falchion of Descent {freeze, rN++ Int+4}
  3463 | D:2      | Noticed Natasha
  3466 | D:2      | Killed Natasha
  3765 | D:3      | Found a faded altar of an unknown god.
  4600 | D:4      | Noticed a phantom
  4603 | D:4      | Reached XP level 6. HP: 38/38 MP: 11/11
  4611 | D:4      | Reached skill level 4 in Dodging
  5438 | D:4      | You are sucked into a shaft and drop 1 floor!
  5438 | D:5      | Entered Level 5 of the Dungeon
  5460 | D:5      | Reached XP level 7. HP: 44/44 MP: 13/13
  5658 | D:5      | Reached skill level 5 in Dodging
  5661 | D:5      | Reached skill level 5 in Fighting
  5743 | D:5      | Reached XP level 8. HP: 49/49 MP: 15/15
  5865 | D:5      | Reached skill level 6 in Dodging
  5869 | D:5      | Reached skill level 5 in Spellcasting
  6342 | D:5      | Found a blossoming altar of Fedhas.
  6480 | D:6      | Noticed Grinder
  6489 | D:7      | Found a staircase to the Ecumenical Temple.
  6532 | D:6      | Noticed Duvessa
  6533 | D:6      | Noticed Dowan
  6715 | D:7      | Reached skill level 7 in Dodging
  6715 | D:7      | Reached XP level 9. HP: 16/56 MP: 7/18
  6799 | D:7      | Succumbed to a wight's poison

Illustrated notes

Levels and vault maps discovered:
D:1:      mrwooster_arrival_arrow, layout_basic
D:2:      layout_loops_ring, chequers_serial_rivers_large_b, minmay_misc_feat_x,
          uniq_natasha
D:3:      layout_basic, shapermc_ecumenical_altar_hornbeckon, minmay_distorted
D:4:      layout_rooms
D:5:      layout_loops_ring, fedhas_altar_4
D:6:      lemuel_ratsnest, layout_cave_pools, chequers_serial_rivers_micro_c,
          grunt_ministairs_8, uniq_duvessa, uniq_grinder
D:7:      black_bear_nest_2, layout_basic, minmay_temple_entry_glass,
          minmay_shop_enchanted_jewellery

Skill      XL: |  1  2  3  4  5  6  7  8 |
---------------+-------------------------+-----
Spellcasting   | 1 2 3 4 5 |  5.7
Dodging        | 2 3 4 5 7 |  7.1
Fighting       | 3 4 5 6 |  6.7
Short Blades   | |  2.1
Throwing       | |  2.0
Stealth        | |  4.0

Action                   |  1- 3 |  4- 6 |  7- 9 || total
-------------------------+-------+-------+-------++-------
Melee: Dagger            |    50 |    69 |       ||   119
       Peck              |     7 |    15 |    24 ||    46
       Kick              |     5 |    36 |    34 ||    75
       Falchion          |       |    87 |   105 ||   192
       Punch             |       |     1 |     2 ||     3
       Mace              |       |       |    15 ||    15
Throw: Dart              |       |     4 |       ||     4
Evoke: Wand              |       |       |     7 ||     7
  Use: Scroll            |       |     3 |       ||     3
       Potion            |       |       |     6 ||     6
 Stab: Sleeping          |     6 |    11 |     1 ||    18
       Distracted        |       |       |     1 ||     1
Armor: Leather armour    |    13 |    17 |    10 ||    40
Dodge: Dodged            |    20 |    90 |    91 ||   201
